 Dungeon Crawl Stone Soup version 0.19-a0-1686-g35356ef (webtiles) character file.

121 Amnesiac the Vexing (level 4, 0/30 HPs)
             Began as a Mummy Enchanter on Sept 25, 2016.
             Slain by a gnoll
             ... wielding a +0 spear
              (8 damage)
             ... on level 4 of the Dungeon.
             The game lasted 00:05:12 (2140 turns).

Amnesiac the Vexing (Mummy Enchanter)               Turns: 2140, Time: 00:05:13

Health: 0/30       AC:  4    Str: 11    XL:     4   Next: 77%
Magic:  1/7        EV: 12    Int: 15    God:
Gold:   59         SH:  0    Dex: 12    Spells: 3 memorised, 0 levels left

rFire  x . .     SeeInvis .     j - +0 quarterstaff
rCold  + . .     Gourm    +     b - +1 robe
rNeg   + + +     Faith    .     (shield currently unavailable)
rPois  ∞         Spirit   .     (no helmet)
rElec  .         Dismiss  .     (no cloak)
rCorr  .         Reflect  .     (no gloves)
MR     .....     Harm     .     (no boots)
Stlth  ++........               d - amulet of the gourmand
                                (no ring)
                                (no ring)

@: no status effects
A: no food or potions, fire vulnerability, cold resistance 1, negative energy
resistance 3, torment resistance, unbreathing
a: no special abilities


You were on level 4 of the Dungeon.
You were not hungry.

You visited 1 branch of the dungeon, and saw 4 of its levels.

You collected 59 gold pieces.

Inventory:

Hand Weapons
 a - a +1 dagger
 f - a +0 spear
 j - a +0 quarterstaff (weapon)
Armour
 b - a +1 robe (worn)
 g - a cursed +0 buckler
Magical Staves
 n - a cursed staff of air {unknown}
Jewellery
 d - an amulet of the gourmand (around neck)
Scrolls
 e - a scroll of blinking {unknown}
 h - 3 scrolls of fog {unknown}
 i - 2 scrolls of identify {unknown}
 k - a scroll of random uselessness {unknown}
 l - 3 scrolls of teleportation {unknown}
 m - a scroll of amnesia {unknown}
 o - a scroll of enchant weapon {unknown}
Books
 c - a book of Maledictions

   Spells                             Type                      Level
   a - Corona                         Hexes                        1
   b - Ensorcelled Hibernation        Hexes/Ice                    2
   c - Confuse                        Hexes                        3
   d - Tukima's Dance                 Hexes                        3
   e - Dazzling Spray                 Conjuration/Hexes            3


   Skills:
 - Level 0.7 Short Blades
 - Level 1.5 Dodging
 - Level 2.4 Stealth
 - Level 2.0 Spellcasting
 + Level 5.0 Hexes


You couldn't memorise any spells.
You knew the following spells:

 Your Spells              Type           Power        Failure   Level  Hunger
a - Tukima's Dance        Hex            ###.....     10%         3    N/A
e - Confuse               Hex            ###.....     10%         3    N/A
f - Corona                Hex            ###....      2%          1    N/A

Dungeon Overview and Level Annotations

Branches:
Dungeon (4/15)
 Temple: D:4-7

Altars:
Hepliaklqana
Vehumet
Xom


Innate Abilities, Weirdness & Mutations

You do not eat or drink.
Your flesh is vulnerable to fire.
You are immune to poison.
Your flesh is cold resistant. (rC+)
You are immune to negative energy. (rN+++)
You are immune to unholy pain and torment.
You can survive without breathing.


Message History

The gnoll closely misses you. The gnoll hits you but does no damage.
You sock the gnoll!
The gnoll is severely wounded.
You hear a shout!
The gnoll hits you with a spear.
You hear a shout!
You barely miss the gnoll.
The gnoll is severely wounded.
The gnoll hits you with a spear. The gnoll barely misses you.
You hit the gnoll.
You kill the gnoll!
The gnoll barely misses you.
The gnoll hits you from afar with a spear!
* * * LOW HITPOINT WARNING * * *
You are too injured to fight recklessly!
You are too injured to fight recklessly!
Unknown command.
The gnoll hits you from afar with a spear!
You die...

################
#+##...g......g....
#......)#.(........
+...<...#..........
#.......#..........
#...g..(#.........>
#.@....(#..........
#..##########+##.##.
### ###...##.###
#.........##
+.........##
#........###
#.......###.
#......##_..
#......##...


You could see 2 gnolls.

Vanquished Creatures
  An iguana (D:4)
  5 gnolls
  An adder (D:3)
  A worm (D:3)
  A dart slug (D:1)
  A leopard gecko (D:3)
  2 orcs
  2 giant cockroaches
  5 goblins
  2 hobgoblins
  3 jackals
  A quokka (D:2)
  A frilled lizard (D:4)
  3 kobolds
  A quokka skeleton (D:4)
  3 rats
33 creatures vanquished.

Notes
Turn   | Place    | Note
-------+----------+-------------------------------------------
     0 | D:1      | Amnesiac the Mummy Enchanter began the quest for the Orb.
     0 | D:1      | Reached XP level 1. HP: 13/13 MP: 3/3
   305 | D:1      | Reached skill level 3 in Hexes
   418 | D:1      | Reached XP level 2. HP: 19/19 MP: 3/5
   697 | D:2      | Found a radiant altar of Vehumet.
   874 | D:3      | Reached XP level 3. HP: 11/24 MP: 4/6
   882 | D:3      | Learned a level 3 spell: Confuse
  1153 | D:3      | Reached skill level 4 in Hexes
  1214 | D:4      | Reached XP level 4. HP: 15/30 MP: 0/7
  1219 | D:4      | Learned a level 3 spell: Tukima's Dance
  2007 | D:4      | Found a shimmering altar of Xom.
  2008 | D:4      | Found a hazy altar of Hepliaklqana.
  2009 | D:4      | Noticed a spectral ugly thing
  2039 | D:4      | Reached skill level 5 in Hexes
  2140 | D:4      | Slain by a gnoll

Vault maps used:
D:1:      saegor_arrival_simple_e
D:2:      old_standard_altar, uniq_crazy_yiuf_cottage
D:3:      wad_river_or_something, uniq_grinder
D:4:      regret_index_temple_of_mockery, ashenzari_altar_1

Skill      XL: |  1  2  3  4 |
---------------+-------------+-----
Hexes          | 3 4 5 |  5.0
Short Blades   | |  0.7
Dodging        | |  1.5
Stealth        | |  2.4
Spellcasting   | |  2.0

Action                   |  1- 3 |  4- 6 || total
-------------------------+-------+-------++-------
Melee: Dagger            |    51 |       ||    51
       Quarterstaff      |    42 |    30 ||    72
 Cast: Corona            |    28 |     8 ||    36
       Confuse           |     1 |     8 ||     9
 Stab: Sleeping          |     1 |       ||     1
       Confused          |       |     1 ||     1
Armor: Robe              |    21 |     1 ||    22
Dodge: Dodged            |    66 |    19 ||    85
